Description

Cannon

VOD

https://www.youtube.com/watch?v=joMDyi9sNPw

Replay - Top 10 Protoss Cheeses PvP Cannon Rush Game 7

Build Order

Get SALT Encoding   

  12  0:00  Probe  
  13  0:13  Pylon  
  13  0:17  Probe  
  14  0:31  Forge  
  14  0:35  Probe  
  15  0:47  Probe  
  16  1:06  Pylon x2  
  16  1:17  Pylon  
  16  1:25  Photon Cannon x2  
  16  1:29  Pylon  
  15  2:04  Photon Cannon  
  15  2:14  Photon Cannon x3  
  15  2:28  Probe  
  16  2:43  Probe  
  16  2:56  Probe  
  17  3:08  Photon Cannon x3  
  16  3:13  Probe  
  17  3:23  Gateway  
  17  3:25  Assimilator x2  
Spawning Tool Build Advisor. Get it on Overwolf

Analysis

Cannon

Go to:

Details

  • Created by: Pose1don
  • Published on: Oct 14, 2019
  • Modified on: Oct 14, 2019
  • Patch: 4.7.1
Show
View Real Time Build Order
Export as new Build Order

Comments (0)

There are no comments. Be the first!

Create an account to comment!